 Dungeon Crawl Stone Soup version 0.30-a0-1103-g25895a7845 (webtiles) character file.

Game seed: 16316075807639884085

767 gelatine the Gusty (level 7, 0/50 HPs)
             Began as a Demonspawn Air Elementalist on Apr 19, 2023.
             Killed from afar by a dart slug (4 damage)
             ... with a slug dart
             ... on level 5 of the Dungeon.
             The game lasted 00:11:04 (4666 turns).

gelatine the Gusty (Demonspawn Air Elementalist)    Turns: 4666, Time: 00:11:04

Health: 0/50       AC: 11    Str:  9    XL:     7   Next: 52%
Magic:  2/12       EV: 12    Int: 24    God:
Gold:   208        SH:  0    Dex: 13    Spells: 7/13 levels left

rFire   . . .      SeeInvis .    w - +3 quarterstaff (chaos)
rCold   . . .      Faith    .    (shield currently unavailable)
rNeg    + . .      Spirit   .    n - +2 leather armour {rN+}
rPois   .          Reflect  .    r - +2 helmet
rElec   .          Rampage  .    v - +0 cloak
rCorr   .                        (no gloves)
Will    .....                    o - +1 pair of boots
Stlth   ++                       (no amulet)
HPRegen 0.28/turn                g - +6 ring of intelligence
MPRegen 0.13/turn                (no ring)

@: no status effects
A: sturdy frame 3, demonic touch 1
a: no special abilities


You were on level 5 of the Dungeon.
You visited 1 branch of the dungeon, and saw 5 of its levels.

You collected 208 gold pieces.

Inventory:

Hand Weapons
 t - a +4 dagger of pain
 w - a +3 quarterstaff of chaos (weapon)
 y - a +4 trident
Armour
 a - a +0 robe
 n - a +2 leather armour of positive energy (worn)
 o - a +1 pair of boots (worn)
 r - a +2 helmet (worn)
 v - a +0 cloak (worn)
Jewellery
 g - a +6 ring of intelligence (left hand)
Wands
 h - a wand of flame (25)
 k - a wand of paralysis (8)
 p - a wand of iceblast (12)
 q - a wand of digging (3)
Scrolls
 e - a scroll of torment
 l - 2 scrolls of magic mapping
 s - a scroll of noise {unknown}
Potions
 b - a potion of magic
 c - 3 potions of curing
 d - 2 potions of degeneration
 f - 2 potions of attraction {unknown}
 i - a potion of resistance {unknown}
 j - a potion of mutation {unknown}
 m - a potion of heal wounds {unknown}
 z - 2 potions of lignification {unknown}
 A - 2 potions of brilliance {unknown}
 B - a potion of berserk rage {unknown}
 C - a potion of flight {unknown}


   Skills:
 * Level 2.1 Fighting
 + Level 0.1 Short Blades
 + Level 1.1(1.3) Maces & Flails
 + Level 1.1(1.3) Staves
 * Level 1.8 Armour
 * Level 2.7 Dodging
 * Level 3.0 Stealth
 * Level 3.7 Spellcasting
 * Level 3.1 Conjurations
 * Level 4.3 Air Magic
 * Level 1.6 Evocations


You had 7 spell levels left.
You knew the following spells:

 Your Spells              Type           Power      Damage    Failure   Level
a - Shock                 Conj/Air       88%        1d8       2%          1
b - Static Discharge      Conj/Air       44%        2-4/arc   3%          2
c - Swiftness             Air            25%        N/A       5%          3

Your spell library contained the following spells:

 Spells                   Type           Power      Damage    Failure   Level
 Foxfire                  Conj/Fire      48%        2x1d6     5%          1
 Poisonous Vapours        Pois/Air       28%        N/A       6%          2
 Sting                    Tmut/Pois      16%        1d3       10%         1
 Airstrike                Air            12%        2d(2-18)  17%         4
 Olgreb's Toxic Radiance  Pois           4%         N/A       69%         4
 Fireball                 Conj/Fire      6%         3d5       82%         5
 Plasma Beam              Fire/Air       7%         2x1d19    99%         6
 Starburst                Conj/Fire      6%         6d4       100%        6


Dungeon Overview and Level Annotations

Branches:
Dungeon (5/15)
 Temple: D:4-7

Altars:
Nemelex Xobeh
Trog
Uskayaw


Innate Abilities, Weirdness & Mutations

Your movements are significantly less encumbered by armour. (ER -6)
Your touch may inflict minor irresistible damage on your foes.


Message History

The gnoll misses you.
You hit the gnoll bouda.
You kill the gnoll bouda!
The gnoll hits you but does no damage. The gnoll closely misses you.
Your Stealth skill increases to level 3!
You hit the gnoll.
You kill the gnoll!
The gnoll closely misses you. The gnoll hits you with a +0 spear.
You see here a +0 whip of electrocution.
You hit the gnoll.
The gnoll is almost dead.
The gnoll barely misses you.
The iguana bites you but does no damage.
You closely miss the gnoll.
The gnoll is almost dead.
The gnoll barely misses you. The iguana closely misses you.
The gnoll closely misses you.
You sock the gnoll!
You kill the gnoll!
The iguana bites you but does no damage.
You hit the iguana but do no damage.
The iguana is poisoned.
The iguana bites you!
* * * LOW HITPOINT WARNING * * *
The iguana bites you.
* * * LOW HITPOINT WARNING * * *
You barely miss the iguana. The iguana bites you.
* * * LOW HITPOINT WARNING * * *
You sock the iguana! You burn the iguana.
The iguana is almost dead.
The iguana bites you but does no damage.
You hit the iguana.
You kill the iguana!
The dart slug bites you.
* * * LOW HITPOINT WARNING * * *
You hit the dart slug. You burn the dart slug.
The dart slug is severely wounded.
The dart slug launches a dart at you. The slug dart hits you.
You die...

##...#.......... ..
##...##......# .......
.##....#......###.......
....<.........#.#.......
........................
................>.......
.......##......#........
#....####........)......
#.#### ###....)@w#.. ..
###..)).# .# #..)..#
##......# ###...## ##.##
##


You could see a dart slug.

Vanquished Creatures
  Menkaure (D:4)
  A phantom (D:4)
  Blork the orc (D:4)
  2 hounds
  Crazy Yiuf (D:2)
  A gnoll bouda (D:5)
  4 iguanas
  Ijyb (D:4)
  An orc wizard (D:3)
  Robin (D:2)
  9 gnolls
  5 adders
  3 worms
  A dart slug (D:4)
  9 orcs
  2 endoplasms
  2 giant cockroaches
  10 goblins
  5 hobgoblins
  7 jackals
  5 quokkas
  11 ball pythons
  6 bats
  7 frilled lizards
  6 kobolds
  2 rats
104 creatures vanquished.

Notes
Turn   | Place    | Note
-------+----------+-------------------------------------------
     0 | D:1      | gelatine the Demonspawn Air Elementalist began the quest
                  | for the Orb.
     0 | D:1      | Reached XP level 1. HP: 13/13 MP: 3/3
   204 | D:1      | Reached skill level 3 in Air Magic
   455 | D:1      | Gained mutation: Your touch may inflict minor irresistible
                  | damage on your foes. [demonic ancestry]
   455 | D:1      | Reached XP level 2. HP: 19/19 MP: 3/5
  1183 | D:2      | Gained mutation: Your movements are slightly less
                  | encumbered by armour. (ER -2) [demonic ancestry]
  1183 | D:2      | Reached XP level 3. HP: 13/24 MP: 1/6
  1615 | D:2      | Noticed Robin
  1641 | D:2      | Reached skill level 1 in Maces & Flails
  1641 | D:2      | Reached XP level 4. HP: 26/31 MP: 2/7
  1649 | D:2      | Killed Robin
  1849 | D:2      | Found a faded altar of an unknown god.
  2044 | D:2      | Found a runed translucent door.
  2045 | D:2      | Noticed Crazy Yiuf
  2050 | D:2      | Learned a level 2 spell: Static Discharge
  2054 | D:2      | Learned a level 3 spell: Swiftness
  2065 | D:2      | Killed Crazy Yiuf
  2236 | D:3      | Reached skill level 1 in Fighting
  2536 | D:3      | Found a bloodstained altar of Trog.
  2780 | D:3      | Gained mutation: Your movements are less encumbered by
                  | armour. (ER -4) [demonic ancestry]
  2780 | D:3      | Reached XP level 5. HP: 37/37 MP: 1/9
  3261 | D:3      | Found a sparkling altar of Nemelex Xobeh.
  3277 | D:3      | Found a hide-covered altar of Uskayaw.
  3413 | D:4      | Reached skill level 1 in Armour
  3740 | D:4      | Reached skill level 1 in Evocations
  3740 | D:4      | Reached XP level 6. HP: 40/43 MP: 3/10
  4040 | D:4      | Noticed Ijyb
  4050 | D:4      | Paralysed by Ijyb for 3 turns
  4053 | D:4      | Killed Ijyb
  4120 | D:4      | Noticed Menkaure
  4121 | D:4      | Noticed Blork the orc
  4126 | D:4      | Killed Menkaure
  4127 | D:4      | Reached skill level 4 in Air Magic
  4127 | D:4      | Gained mutation: Your movements are significantly less
                  | encumbered by armour. (ER -6) [demonic ancestry]
  4127 | D:4      | Reached XP level 7. HP: 29/49 MP: 4/12
  4128 | D:4      | Killed Blork the orc
  4537 | D:5      | Entered Level 5 of the Dungeon
  4650 | D:5      | Reached skill level 1 in Staves
  4666 | D:5      | Killed from afar by a dart slug

Illustrated notes

Levels and vault maps discovered:
D:1:      co_arrival_square_in_a_square_in_a_square, layout_basic, minivault_19
D:2:      layout_basic, serial_glass, glass_columns_b, glass_columns_c,
          due_unseen_surprise, shapermc_ecumenical_altar_pompeii, uniq_robin,
          uniq_crazy_yiuf_cottage
D:3:      layout_basic, nicolae_overflow_quartered_altars,
          kennysheep_cross_room, kennysheep_generic_room_13
D:4:      layout_cave_pools, kennysheep_small_spiral, uniq_blork_the_orc,
          uniq_ijyb, uniq_menkaure
D:5:      layout_cave_pools, fedhas_altar_fruit_tree,
          ebering_ghost_reflecting_pool, nicolae_stop_n_shop_2,
          minmay_fractal_squares_gapless_5, uniq_edmund, uniq_sigmund

Skill      XL: |  1  2  3  4  5  6  7 |
---------------+----------------------+-----
Air Magic      | 3 4 |  4.3
Stealth        | 2 3 |  3.0
Maces & Flails | 1 |  1.1
Dodging        | 2 |  2.7
Fighting       | 1 2 |  2.1
Conjurations   | 2 3 |  3.1
Armour         | 1 |  1.8
Spellcasting   | 3 |  3.7
Evocations     | 1 |  1.6
Staves         | 1 |  1.1
Short Blades   | |  0.1

Action                     |  1- 3 |  4- 6 |  7- 9 || total
---------------------------+-------+-------+-------++-------
  Melee: Mace              |    26 |     3 |       ||    29
         Touch             |     1 |     2 |       ||     3
         Dagger            |       |     6 |       ||     6
         Quarterstaff      |       |    38 |    12 ||    50
   Cast: Shock             |    66 |    97 |    18 ||   181
         Swiftness         |       |     2 |       ||     2
         Static Discharge  |       |     2 |     7 ||     9
  Evoke: Wand              |       |     2 |       ||     2
    Use: Scroll            |       |     7 |     1 ||     8
 Armour: Robe              |    10 |    18 |       ||    28
         Leather armour    |       |       |     8 ||     8
  Dodge: Dodged            |    24 |    39 |    17 ||    80

Table legend: (Time is in decaauts)
 A = Elapsed time spent in this place.
 B = Non-inter-level travel time spent in this place.
 C = Inter-level travel time spent in this place.
 D = Time resting spent in this place.
 E = Time spent auto-exploring this place.
 F = Levels seen in this place.
 G = Mean time per level.
                   A        B        C        D        E       F      G
               +--------+--------+--------+--------+--------+-----+--------+
         Total |   4689 |   4556 |    133 |      0 |   3919 |   5 |  937.8 |
       Dungeon |   4689 |   4556 |    133 |      0 |   3919 |   5 |  937.8 |
               +--------+--------+--------+--------+--------+-----+--------+

Top non-repeatable levels by time:
     D:2: 1314 daAuts
     D:3: 1185 daAuts
     D:4: 1138 daAuts
     D:1: 918 daAuts
     D:5: 131 daAuts
